 Dungeon Crawl Stone Soup version 0.25.1-9-gc5326a611f (webtiles) character file.

Game seed: 12661162840399718956

68 Clowwww the Firebug (level 4, -7/27 HPs)
             Began as an Octopode Fire Elementalist on Dec 30, 2020.
             Splashed by a jelly's acid (8 damage)
             ... on level 2 of the Dungeon.
             The game lasted 00:04:44 (1886 turns).

Clowwww the Firebug (Octopode Fire Elementalist)    Turns: 1886, Time: 00:04:45

Health: -7/27      AC:  1    Str:  7    XL:     4   Next: 19%
Magic:  6/8        EV: 13    Int: 18    God:
Gold:   90         SH:  0    Dex: 12    Spells: 4/8 levels left

rFire    . . .     SeeInvis +   (no weapon)
rCold    . . .     Gourm    .   (no shield)
rNeg     . . .     Faith    .   (helmet restricted)
rPois    .         Spirit   .   (no amulet)
rElec    .         Reflect  .   g - ring of see invisible
rCorr    .         Harm     .   (no ring)
MR       .....                  (no ring)
Stlth    +++.......             (no ring)
HPRegen  0.09/turn              (no ring)
MPRegen  0.11/turn              (no ring)
                                (no ring)
                                (no ring)

@: no status effects
A: almost no armour, stealthy swim, amphibious, 8 rings, constrict 8, camouflage
1, gelatinous body 1
a: no special abilities


You were on level 2 of the Dungeon.
You were not hungry.

You visited 1 branch of the dungeon, and saw 2 of its levels.

You collected 90 gold pieces.

Inventory:

Jewellery
 g - a ring of see invisible (left tentacle)
Scrolls
 e - 2 scrolls of identify {unknown}
 i - a scroll of amnesia {unknown}
 j - a scroll of remove curse {unknown}
 l - a scroll of teleportation {unknown}
Potions
 a - 2 potions of curing {unknown}
 d - 2 potions of mutation {unknown}
 f - 2 potions of heal wounds {unknown}
 h - a potion of flight {unknown}
 k - a potion of might {unknown}
Comestibles
 b - 6 rations


   Skills:
 + Level 2.2 Dodging
 + Level 2.9 Stealth
 + Level 0.8 Unarmed Combat
 + Level 2.7 Spellcasting
 + Level 1.2 Conjurations
 + Level 3.9 Fire Magic


You had 4 spell levels left.
You knew the following spells:

 Your Spells              Type           Power        Failure   Level  Hunger
a - Foxfire               Conj/Fire      ##..         6%          1    #......
b - Inner Flame           Hex/Fire       #.......     22%         3    ###....

Your spell library contained the following spells:

 Spells                   Type           Power        Failure   Level  Hunger
 Conjure Flame            Conj/Fire      ##......     17%         3    ###....
 Sticky Flame             Conj/Fire      ##......     50%         4    #####..
 Fireball                 Conj/Fire      ##........   85%         5    ######.


Dungeon Overview and Level Annotations

Branches:
Dungeon (2/15)

Altars:


Innate Abilities, Weirdness & Mutations

You cannot wear most types of armour.
You are very stealthy in the water. (Stealth+)
You are amphibious.
You can wear up to eight rings at the same time.
You can use your tentacles to constrict eight enemies at once.
Your skin changes colour to match your surroundings (Stealth+).
Your rubbery body absorbs attacks. (AC +1, EV +1)


Message History

The jelly hits you.
You are splashed with acid!
Casting: Foxfire (safe; 6% risk of failure)
Confirm with . or Enter, or press ? or * to list all spells.
You conjure some foxfire!
The jelly hits you.
* * * LOW HITPOINT WARNING * * *
You are splashed with acid.
* * * LOW HITPOINT WARNING * * *
You are no longer corroded.
The foxfire hits the jelly.
The jelly is almost dead.
The foxfire hits the ooze.
The ooze is heavily wounded.
Okay, then.
Okay, then.
Casting: Foxfire (safe; 6% risk of failure)
Confirm with . or Enter, or press ? or * to list all spells.
You conjure some foxfire!
The jelly hits you.
* * * LOW HITPOINT WARNING * * *
You are splashed with acid!
You die...

############
......(....###
##...(....##
##'††###..#
##.).####.#
##...).###.#
#...v...##.#
#..@v...##.#
#.JJ....##.###
#.......##...#
#....######..#
#....'..###).#
########.##..#####
##(JJJ..###......###
#'####### #..###....
#....J.J.. ####
#....


You could see a jelly and an ooze.

Vanquished Creatures
  2 adders (D:2)
  2 oozes (D:2)
  2 dart slugs (D:1)
  A leopard gecko (D:1)
  3 goblins (D:1)
  5 hobgoblins (D:1)
  7 bats
  2 frilled lizards
  8 kobolds
  9 rats
41 creatures vanquished.

Vanquished Creatures (others)
  98 foxfires
  8 toadstools (D:2)
106 creatures vanquished.

Grand Total: 147 creatures vanquished

Notes
Turn   | Place    | Note
-------+----------+-------------------------------------------
     0 | D:1      | Clowwww the Octopode Fire Elementalist began the quest for
                  | the Orb.
     0 | D:1      | Reached XP level 1. HP: 11/11 MP: 3/3
   318 | D:1      | Reached XP level 2. HP: 17/17 MP: 3/5
  1065 | D:1      | Reached XP level 3. HP: 21/21 MP: 2/6
  1141 | D:1      | Learned a level 3 spell: Inner Flame
  1717 | D:2      | Reached XP level 4. HP: 27/27 MP: 6/8
  1886 | D:2      | HP: 1/27 [jelly (2)]
  1886 | D:2      | Splashed by a jelly's acid

Illustrated notes

Levels and vault maps discovered:
D:1:      psy_arrival_radial02, layout_basic, serial_corexii_hall,
          corexii_hall_statues_u, corexii_hall_statues_t,
          minmay_rat_gold_closets
D:2:      cheibrodos_fertilizer, layout_rooms, tgw_fedhas

Action                   |  1- 3 |  4- 6 || total
-------------------------+-------+-------++-------
Melee: Unarmed           |    13 |     2 ||    15
       Constrict         |     4 |       ||     4
       Tentacles         |     1 |     1 ||     2
 Cast: Foxfire           |    51 |    12 ||    63
  Eat: Chunk             |     3 |       ||     3
Armor: Skin              |     1 |     1 ||     2
Dodge: Dodged            |    15 |     5 ||    20
